 Dungeon Crawl Stone Soup version 0.28-a0-1382-g92835e5c71 (webtiles) character file.

Game seed: 8443741558268280658

3262 funkygono the Thaumaturge (level 9, 0/45 HPs)
             Began as a Deep Elf Fire Elementalist on Jan 1, 2022.
             Was a Follower of Vehumet.
             Slain by a gnoll sergeant (1 damage)
             ... on level 9 of the Dungeon.
             The game lasted 00:16:12 (7963 turns).

funkygono the Thaumaturge (DEFE)                    Turns: 7963, Time: 00:16:12

Health: 0/45       AC:  5    Str: 11    XL:     9   Next: 68%
Magic:  15/27      EV: 13    Int: 25    God:    Vehumet [*.....]
Gold:   302        SH:  0    Dex: 15    Spells: 22/32 levels left

rFire   . . .      SeeInvis .   u - +2 dagger
rCold   . . .      Faith    .   (no shield)
rNeg    . . .      Spirit   .   a - +0 robe
rPois   .          Reflect  .   (no helmet)
rElec   .          Harm     .   (no cloak)
rCorr   +          Rampage  .   s - +0 pair of gloves
Will    .....                   l - +1 pair of boots
Stlth   ++........              (no amulet)
HPRegen 0.15/turn               g - +6 ring of strength
MPRegen 0.20/turn               i - ring of resist corrosion

@: very slightly contaminated
A: no striking features
a: Renounce Religion


You were on level 9 of the Dungeon.
You worshipped Vehumet.
Vehumet was aware of your devotion.
You visited 2 branches of the dungeon, and saw 9 of its levels.

You collected 302 gold pieces.

Inventory:

Hand Weapons
 b - a +0 dagger
 n - a +3 morningstar
 u - a +2 dagger (weapon)
Missiles
 e - 141 stones
Armour
 a - a +0 robe (worn)
 l - a +1 pair of boots (worn)
 o - a +0 leather armour
 p - an orb of energy
 s - a +0 pair of gloves (worn)
Jewellery
 g - a +6 ring of strength (left hand)
 i - a ring of resist corrosion (right hand)
Scrolls
 d - a scroll of blinking
 t - a scroll of holy word {unknown}
Potions
 c - a potion of cancellation
 f - a potion of invisibility
 h - a potion of lignification
 j - a potion of curing {unknown}
 k - 2 potions of flight
 m - a potion of berserk rage {unknown}
 q - a potion of heal wounds {unknown}
 r - a potion of degeneration {unknown}


   Skills:
 + Level 0.2 Fighting
 + Level 2.9 Dodging
 - Level 2.4 Stealth
 * Level 12.3 Spellcasting
 * Level 6.1 Conjurations
 * Level 9.6 Fire Magic


You had 22 spell levels left.
You knew the following spells:

 Your Spells              Type           Power      Damage    Failure   Level
a - Foxfire               Conj/Fire      100%       2x1d9     1%          1
b - Scorch                Fire           100%       2d10      1%          2
c - Conjure Flame         Conj/Fire      53%        6-21      1%          3
d - Flame Wave            Conj/Fire      53%        2d9       1%          4

Your spell library contained the following spells:

 Spells                   Type           Power      Damage    Failure   Level
 Freeze                   Ice            60%        1d8       3%          1
 Inner Flame              Hex/Fire       39%        N/A       1%          3
 Summon Forest            Summ/Tloc      7%         N/A       71%         5
 Eringya's Noxious Bog    Tmut/Pois      7%         N/A       99%         6
 Summon Hydra             Summ           7%         N/A       100%        7


Dungeon Overview and Level Annotations

Branches:
Dungeon (7/15)             Temple (1/1) D:5

Altars:
Ashenzari
Cheibriados
Dithmenos
Elyvilon
Fedhas
Gozag
Kikubaaqudgha
Makhleb
Nemelex Xobeh
Ru
Sif Muna
Trog
Uskayaw
Vehumet
Wu Jian
Xom
Yredelemnul
The Shining One

Shops:
D:6 :   D:7 !

Annotations:
D:9 2 transporters, Erolcha


Message History

The gnoll sergeant is moderately wounded.
The foxfire hits the gnoll sergeant!
The gnoll sergeant is heavily wounded.
The gnoll sergeant hits you from afar with a +2 vorpal spear.
Casting: Scorch (safe; 1% risk of failure)
Confirm with . or Enter, or press ? or * to list all spells.
You conjure some foxfire!
The foxfire hits the gnoll sergeant.
The gnoll sergeant is heavily wounded.
The gnoll sergeant hits you from afar with a +2 vorpal spear.
Unknown command.
A shadow comes into view.
Found an escape hatch in the floor.
The foxfire hits the wight!
The wight is heavily damaged.
The foxfire hits the wight.
The wight is severely damaged.
A wight comes into view. It is wielding a +4 mace.
The gnoll sergeant hits you with a +2 vorpal spear.
The wight hits you with a +0 flail.
The wight hits you from afar with a +0 spear!
* * * LOW HITPOINT WARNING * * *
Casting: Foxfire (safe; 1% risk of failure)
Confirm with . or Enter, or press ? or * to list all spells.
Okay, then.
Okay, then.
Casting: Foxfire (safe; 1% risk of failure)
Confirm with . or Enter, or press ? or * to list all spells.
Casting: Flame Wave (dangerous; 1% risk of failure)
Press: ? - help, Dir - look around, f - activate A wave of flame ripples out!
The flame wave engulfs the gnoll sergeant.
The gnoll sergeant is severely wounded.
The flame wave engulfs the wight!
You destroy the wight!
Vehumet accepts your kill.
You feel your power returning. (Press . to intensify the flame waves.)
You hear a shout! x2
The gnoll sergeant hits you with a +2 vorpal spear!
* * * LOW HITPOINT WARNING * * *
You die...

...## . # # ..
... ..#
#######g..##
..###....gzgW>z.
......##@##
.......§.)#
..#####§#....#
##..#......
#..##....#..
###.##.......# #
##...##.##.....
##..###©..#.....
#
###..##...©...#
#######


You could see a gnoll sergeant, a shadow, 2 wights and 2 gnolls.

Vanquished Creatures
  Grinder (D:3)
  A wyvern (D:9)
  A water moccasin (D:5)
  2 black bears
  An ice beast (D:5)
  2 sky beasts
  6 ogres
  A centaur (D:6)
  A bullfrog (D:6)
  A wyvern zombie (D:6)
  6 killer bees (D:6)
  14 wights
  A centaur zombie (D:9)
  3 bullfrog zombies
  2 bullfrog skeletons (D:5)
  2 hounds (D:5)
  A gnoll shaman (D:6)
  A jelly (D:6)
  7 orc wizards
  4 iguanas
  2 hound skeletons (D:5)
  2 howler monkey zombies
  9 gnolls
  4 adders
  2 ufetubi
  2 worms
  3 dart slugs
  16 orcs
  2 endoplasms
  2 giant cockroaches
  5 goblins
  5 hobgoblins
  9 jackals
  4 quokkas
  6 ball pythons
  9 bats
  3 frilled lizards
  4 kobolds
  5 rats
152 creatures vanquished.

Vanquished Creatures (collateral kills)
  A foxfire (D:6)
1 creature vanquished.

Vanquished Creatures (others)
  572 foxfires
572 creatures vanquished.

Grand Total: 725 creatures vanquished

Notes
Turn   | Place    | Note
-------+----------+-------------------------------------------
     0 | D:1      | funkygono the Deep Elf Fire Elementalist began the quest
                  | for the Orb.
     0 | D:1      | Reached XP level 1. HP: 10/10 MP: 6/6
   282 | D:1      | Reached XP level 2. HP: 15/15 MP: 4/8
   285 | D:1      | Learned a level 2 spell: Scorch
   802 | D:1      | Found a faded altar of an unknown god.
  1198 | D:1      | Reached XP level 3. HP: 19/19 MP: 7/10
  1226 | D:1      | Learned a level 3 spell: Conjure Flame
  1545 | D:2      | Reached skill level 4 in Spellcasting
  2147 | D:3      | Reached XP level 4. HP: 24/24 MP: 9/12
  2152 | D:3      | Learned a level 4 spell: Flame Wave
  2251 | D:3      | Noticed Grinder
  2264 | D:3      | Killed Grinder
  2265 | D:3      | Reached skill level 5 in Spellcasting
  2265 | D:3      | Reached skill level 5 in Fire Magic
  2265 | D:3      | Reached XP level 5. HP: 10/28 MP: 3/15
  2630 | D:3      | Reached XP level 6. HP: 32/32 MP: 11/16
  3340 | D:4      | Reached skill level 6 in Spellcasting
  3628 | D:4      | Reached XP level 7. HP: 28/36 MP: 8/19
  4062 | D:5      | Entered Level 5 of the Dungeon
  4192 | D:5      | Reached skill level 7 in Spellcasting
  4385 | D:5      | Found a snail-covered altar of Cheibriados.
  4642 | D:5      | Found a staircase to the Ecumenical Temple.
  4706 | Temple   | Entered the Ecumenical Temple
  4804 | Temple   | Became a worshipper of Vehumet
  5074 | D:5      | Reached skill level 8 in Spellcasting
  5074 | D:5      | Reached XP level 8. HP: 41/41 MP: 17/22
  5383 | D:5      | Reached skill level 9 in Spellcasting
  5615 | D:5      | Upgraded the game from 0.28-a0-1374-ga75cb3825e to
                  | 0.28-a0-1382-g92835e5c71
  5711 | D:6      | Reached skill level 5 in Conjurations
  5872 | D:6      | Found a bloodstained altar of Trog.
  6012 | D:6      | Reached skill level 10 in Spellcasting
  6351 | D:6      | Reached XP level 9. HP: 45/45 MP: 19/25
  6784 | D:6      | Reached skill level 11 in Spellcasting
  6908 | D:6      | Reached * piety under Vehumet
  6908 | D:6      | Offered knowledge of Freeze by Vehumet.
  6997 | D:6      | Found Xagu Orykh's Book Shoppe.
  7482 | D:7      | Found Pefala's Distillery.
  7545 | D:7      | You fall into a shaft and drop 2 floors!
  7585 | D:9      | Noticed Erolcha
  7592 | D:9      | Reached skill level 12 in Spellcasting
  7873 | D:9      | Found a transporter.
  7910 | D:9      | Found a transporter.
  7963 | D:9      | HP: 1/45 [gnoll sergeant (9)]
  7963 | D:9      | Slain by a gnoll sergeant

Illustrated notes

Levels and vault maps discovered:
D:1:      shiori_arrival_maze, layout_basic, hellmonk_ecumenical_altar_lost_god,
          kennysheep_decorative_pillar
D:2:      layout_basic, hangedman_decor_slide_cut,
          ebering_dispersal_statue_hall, kennysheep_generic_room_11
D:3:      kb_forest_paths, layout_basic, small_statue_intersection,
          kennysheep_pointless_box, uniq_grinder
D:4:      layout_cave_pools, minmay_splitting_lines
D:5:      layout_basic, cheibriados_altar_1, temple_statues,
          minmay_misc_feat_square
D:6:      minmay_skewed_foursquare, layout_basic,
          mainiacjoe_overflow_tiny_flanked, serial_shops, shop, st_stairs_13
D:7:      layout_basic, gammafunk_temple_overflow_elements, enter_bailey_3,
          serial_shops, shop
D:9:      layout_rooms, zin_purify, gammafunk_ghost_grave, grunt_ministairs_1,
          kennysheep_nondescript, serial_nicolae_subway,
          nicolae_sub_station_stone, nicolae_sub_station_metal,
          nicolae_sub_station_crystal, uniq_erolcha
Temple:   minmay_temple_bridge_d

Skill      XL: |  1  2  3  4  5  6  7  8  9 |
---------------+----------------------------+-----
Fire Magic     | 4 5 6 7 8 9 |  9.6
Spellcasting   | 4 5 6 8 10 12 | 12.3
Conjurations   | 3 4 5 6 |  6.1
Fighting       | |  0.2
Dodging        | |  2.9
Stealth        | |  2.4

Action                   |  1- 3 |  4- 6 |  7- 9 || total
-------------------------+-------+-------+-------++-------
Melee: Dagger            |       |       |     1 ||     1
 Cast: Foxfire           |    79 |    78 |   184 ||   341
       Scorch            |     4 |     7 |    57 ||    68
       Conjure Flame     |       |       |     2 ||     2
       Flame Wave        |       |       |     2 ||     2
  Use: Scroll            |     6 |     3 |     5 ||    14
Armor: Robe              |     1 |     1 |    11 ||    13
Dodge: Dodged            |     4 |     1 |    21 ||    26

Table legend: (Time is in decaauts)
 A = Elapsed time spent in this place.
 B = Non-inter-level travel time spent in this place.
 C = Inter-level travel time spent in this place.
 D = Time resting spent in this place.
 E = Time spent auto-exploring this place.
 F = Levels seen in this place.
 G = Mean time per level.
                   A        B        C        D        E       F      G
               +--------+--------+--------+--------+--------+-----+--------+
         Total |   7959 |   7710 |    249 |    529 |   6053 |   9 |  884.3 |
       Dungeon |   7719 |   7510 |    209 |    529 |   5861 |   8 |  964.9 |
        Temple |    239 |    199 |     40 |      0 |    192 |   1 |  239.0 |
               +--------+--------+--------+--------+--------+-----+--------+

Top non-repeatable levels by time:
     D:6: 1484 daAuts
     D:5: 1404 daAuts
     D:1: 1262 daAuts
     D:3: 1153 daAuts
     D:4: 841 daAuts
     D:2: 801 daAuts
     D:9: 417 daAuts
     D:7: 353 daAuts
  Temple: 239 daAuts
